Stars vs Reign
Created - Monday, January 20, 2025 at 00:09
Goals
|
Stars |
1 |
1 |
0 |
2 |
Reign |
4 |
1 |
1 |
6 |
|
Shots
|
Stars |
14 |
9 |
12 |
35 |
Reign |
13 |
9 |
21 |
43 |
|
1st period
1. Stars , Bradley Marek 18 (Cody Haiskanen 10, Chad Nychuk 9) at 8:05
2. Reign , Sheldon Dries 27 (Victor Mete 12) at 11:11
3. Reign , Ryder Korczak 12 (Mason Geertsen 9, Turner Elson 15) at 17:23
4. Reign , Samuel Blais 16 (Josiah Didier 9) at 19:11
5. Reign , Sheldon Dries 28 (Ryan Lomberg 29, Oskar Lindblom 27) at 19:32
Penalties :
Topi Niemela (ONT) for Roughing (Minor) at 3:30, Mason Geertsen (ONT) for Interference (Minor) at 14:58
2nd period
6. Stars , Mark Rassell 13 (Luke Philp 17, Bradley Marek 23) at 9:03
7. Reign , Josiah Didier 3 (Ryan Lomberg 30, Oskar Lindblom 28) at 11:30
Penalties :
Topi Niemela (ONT) for Interference (Minor) at 0:25, Sheldon Dries (ONT) for Hooking (Minor) at 4:24
3rd period
8. Reign , Steven Lorentz 10 (Dillon Dube 26, Samuel Blais 25) at 6:30 (PP)
Penalties :
Brett Murray (TEX) for Cross-checking (Minor) at 4:35, Reese Johnson (TEX) for Roughing (Minor) at 7:36, Shawn Element (TEX) for Roughing (Minor) at 10:01, Farm Player 109 (TEX) for Tripping (Minor) at 12:13, Tobie Bisson (TEX) for Holding (Minor) at 14:07, Cody Haiskanen (TEX) for Tripping (Minor) at 14:20, Reese Johnson (TEX) for Elbowing (Minor) at 17:27
Goalie Stats
FarmGoal6 (TEX), 9 saves from 13 shots - (0.692), L, 4-18-1, 19:32 minutes
Nikita Tolopilo (TEX), 28 saves from 30 shots - (0.933), 40:28 minutes
Parker Gahagen (ONT), 33 saves from 35 shots - (0.943), W, 10-11-4, 60:00 minutes
Players Stats for Stars
Player Name G A P +/- PIM S H SB GA TA FO MP PP MP PK MP
------------------------------------------------------------------------------------
Alexander True 0 0 0 -1 0 0 0 0 0 0 0/0 1:58 0:35 0:00
Bradley Marek 1 1 2 2 0 5 2 1 0 0 3/13 23:56 2:55 6:14
Brandon Duhaime 0 0 0 -2 0 7 3 1 0 0 0/0 18:01 3:34 0:18
Brett Murray 0 0 0 -2 2 2 0 0 0 0 0/1 12:32 0:46 0:00
Carson Golder 0 0 0 -2 0 0 1 0 0 0 13/25 15:31 4:03 0:00
Chad Nychuk 0 1 1 0 0 1 4 1 0 0 0/0 20:29 3:18 5:44
Cody Haiskanen 0 1 1 0 2 3 0 2 0 0 0/0 20:39 3:31 5:00
Colin Theisen 0 0 0 -1 0 0 1 0 0 0 0/0 2:26 0:35 0:00
Farm Player 109 0 0 0 -1 2 1 0 0 0 0 1/4 17:51 3:18 3:49
Farm Player 11 0 0 0 1 0 0 0 0 0 0 1/5 15:51 0:22 3:56
Frederic Brunet 0 0 0 -2 0 0 1 2 0 0 0/0 24:35 3:23 5:46
Grant Cruikshank 0 0 0 -1 0 2 0 0 0 0 2/2 7:10 1:19 0:00
Luke Philp 0 1 1 0 0 1 0 0 0 0 10/14 14:50 0:24 0:55
Mark Rassell 1 0 1 1 0 2 1 0 0 0 1/1 12:51 0:35 0:00
Reese Johnson 0 0 0 -2 4 3 5 0 0 0 5/19 19:34 3:20 4:45
Shawn Element 0 0 0 -1 2 4 5 0 0 0 0/3 18:59 3:25 1:22
Tobie Bisson 0 0 0 -2 2 2 0 2 0 0 0/0 24:41 3:39 5:19
Vinnie Hinostroza 0 0 0 -2 0 2 0 1 0 0 0/0 14:10 0:38 2:51
Players Stats for Reign
Player Name G A P +/- PIM S H SB GA TA FO MP PP MP PK MP
------------------------------------------------------------------------------------
Billy Sweezey 0 0 0 -1 0 0 1 3 0 0 0/0 20:53 5:36 2:24
Corey Andonovski 0 0 0 0 0 0 4 0 0 0 1/1 7:42 0:00 0:00
Daniel Walcott 0 0 0 0 0 2 0 0 0 0 0/2 10:05 0:00 1:32
Dillon Dube 0 1 1 0 0 3 0 0 0 0 22/35 22:47 5:43 4:20
Josiah Didier 1 1 2 3 0 2 2 0 0 0 0/0 18:11 5:50 3:30
Justin Schultz 0 0 0 0 0 0 0 0 0 0 0/0 12:22 0:00 0:16
Mason Geertsen 0 1 1 -1 2 0 2 1 0 0 0/0 17:04 1:28 3:22
Oskar Lindblom 0 2 2 3 0 3 1 0 0 0 1/2 19:12 6:15 1:12
Ryan Lomberg 0 2 2 3 0 5 1 0 0 0 0/0 17:37 5:52 0:00
Ryder Korczak 1 0 1 0 0 4 1 0 0 0 6/12 14:57 0:00 0:11
Samuel Blais 1 1 2 0 0 2 0 0 0 0 0/1 16:13 5:43 4:00
Sheldon Dries 2 0 2 3 2 7 1 1 0 0 16/28 20:12 6:15 2:13
Steven Lorentz 1 0 1 0 0 5 2 0 0 0 3/3 14:37 5:43 2:24
Topi Niemela 0 0 0 0 4 4 1 3 0 0 0/0 19:46 5:45 1:44
Turner Elson 0 1 1 0 0 2 0 1 0 0 1/1 14:09 0:00 0:00
Victor Mete 0 1 1 4 0 3 0 1 0 0 0/0 22:17 5:17 3:25
Walker Duehr 0 0 0 0 0 0 0 0 0 0 1/2 14:32 0:23 0:00
Will Riedell 0 0 0 1 0 1 1 2 0 0 0/0 9:24 0:00 1:11
3 Stars
1 - Sheldon Dries (ONT)
2 - Josiah Didier (ONT)
3 - Ryan Lomberg (ONT)
Power Play
Stars - 0 on 4 Attempt(s) - 0.00%
Reign - 1 on 7 Attempt(s) - 14.29%
Penalty Kill
Stars - 6 on 7 Attempt(s) - 85.71%
- Score 0 goal in Penalty Kill
Reign - 4 on 4 Attempt(s) - 100.00%
- Score 0 goal in Penalty Kill
Team Stat
Stars - Hits : 23 - Faceoff Wins : 36 - Blocked Shots : 10 - Penalty Minutes : 14
Reign - Hits : 17 - Faceoff Wins : 51 - Blocked Shots : 12 - Penalty Minutes : 8
Official
Referees : Michael Markovic and Chris Rooney
Linesman : Brandon Gawryletz and CJ Murray
Game Notes
Nikita Tolopilo enters game at 19:32 of 1st period
Finance
Level 1 -- Attendance: 2000 (100.00%) -- Ticket Income $70,000
Level 2 -- Attendance: 871 (87.10%) -- Ticket Income $13,065
Total Attendance: 2871 (95.70%)
Total Ticket Income: $83,065
Other Income: $40,702
Total Income: $123,767
Stars
5 vs 5 Forward
Center Left Wing Right Wing Time % Phy DF OF
1 Reese Johnson Brett Murray Farm Player 109 25 1 2 2
2 Carson Golder Brandon Duhaime Vinnie Hinostroza 25 1 2 2
3 Luke Philp Mark Rassell Bradley Marek 25 1 2 2
4 Shawn Element Bradley Marek Brandon Duhaime 25 1 2 2
5 vs 5 Defense
Defense Defense Time % Phy DF OF
1 Tobie Bisson Frederic Brunet 25 1 2 2
2 Chad Nychuk Cody Haiskanen 25 1 2 2
3 Farm Player 11 Shawn Element 25 1 2 2
4 Tobie Bisson Frederic Brunet 25 1 2 2
PowerPlay Forward
Center Left Wing Right Wing Time % Phy DF OF
1 Reese Johnson Brandon Duhaime Farm Player 109 60 1 2 2
2 Carson Golder Bradley Marek Shawn Element 40 1 2 2
PowerPlay Defense
Defense Defense Time % Phy DF OF
1 Tobie Bisson Frederic Brunet 60 1 2 2
2 Chad Nychuk Cody Haiskanen 40 1 2 2
Penalty Kill 4 Players Forward
Center Wing Time % Phy DF OF
1 Bradley Marek Reese Johnson 60 1 2 2
2 Farm Player 109 Shawn Element 40 1 2 2
Penalty Kill 4 Players Defense
Defense Defense Time % Phy DF OF
1 Tobie Bisson Frederic Brunet 60 1 2 2
2 Cody Haiskanen Chad Nychuk 40 1 2 2
Penalty Kill - 3 Players Forward
Forward Time % Phy DF OF
1 Bradley Marek 60 1 2 2
2 Reese Johnson 40 1 2 2
Penalty Kill - 3 Players Defense
Defense Defense Time % Phy DF OF
1 Tobie Bisson Frederic Brunet 60 1 2 2
2 Farm Player 109 Cody Haiskanen 40 1 2 2
4 vs 4 Forward
Center Wing Time % Phy DF OF
1 Shawn Element Reese Johnson 60 1 2 2
2 Farm Player 109 Bradley Marek 40 1 2 2
4 vs 4 Defense
Defense Defense Time % Phy DF OF
1 Tobie Bisson Frederic Brunet 60 1 2 2
2 Chad Nychuk Cody Haiskanen 40 1 2 2
Last Minutes Offensive
Center Left Wing Right Wing Defense Defense
Reese Johnson Brandon Duhaime Farm Player 109 Tobie Bisson Frederic Brunet
Last Minutes Defensive
Center Left Wing Right Wing Defense Defense
Reese Johnson Brandon Duhaime Farm Player 109 Tobie Bisson Frederic Brunet
Goaltenders
Starting : FarmGoal6
Backup : Nikita Tolopilo
Extra Forwards
Normal : Carson Golder, Grant Cruikshank, Frederic Brunet - PP : Carson Golder, Grant Cruikshank - PK : Frederic Brunet
Extra Defensemen
Normal : Tobie Bisson, Farm Player 109, Frederic Brunet - PP : Frederic Brunet - PK : Farm Player 109, Frederic Brunet
Penalty Shots
Carson Golder, Reese Johnson, Farm Player 109, Bradley Marek, Frederic Brunet
Custom OT Lines Forwards
Brandon Duhaime, Reese Johnson, Farm Player 109, Grant Cruikshank, Frederic Brunet, Luke Philp, Mark Rassell, Bradley Marek, Shawn Element, Carson Golder
Custom OT Lines Defensemen
Tobie Bisson, Frederic Brunet, Farm Player 109, Chad Nychuk, Cody Haiskanen
Scratches
FarmPlay2 (Healthy), Graham McPhee (Healthy), Patrick Guay (Healthy), Roman Kinal (Healthy)
Reign
5 vs 5 Forward
Center Left Wing Right Wing Time % Phy DF OF
1 Dillon Dube Steven Lorentz Samuel Blais 25 1 2 2
2 Sheldon Dries Oskar Lindblom Ryan Lomberg 25 1 2 2
3 Ryder Korczak Turner Elson Walker Duehr 25 1 2 2
4 Dillon Dube Daniel Walcott Corey Andonovski 25 1 2 2
5 vs 5 Defense
Defense Defense Time % Phy DF OF
1 Victor Mete Josiah Didier 25 1 2 2
2 Topi Niemela Justin Schultz 25 1 2 2
3 Mason Geertsen Billy Sweezey 25 1 2 2
4 Will Riedell Victor Mete 25 1 2 2
PowerPlay Forward
Center Left Wing Right Wing Time % Phy DF OF
1 Dillon Dube Steven Lorentz Samuel Blais 60 1 2 2
2 Sheldon Dries Oskar Lindblom Ryan Lomberg 40 1 2 2
PowerPlay Defense
Defense Defense Time % Phy DF OF
1 Victor Mete Josiah Didier 60 1 2 2
2 Topi Niemela Billy Sweezey 40 1 2 2
Penalty Kill 4 Players Forward
Center Wing Time % Phy DF OF
1 Dillon Dube Samuel Blais 60 1 2 2
2 Sheldon Dries Steven Lorentz 40 1 2 2
Penalty Kill 4 Players Defense
Defense Defense Time % Phy DF OF
1 Victor Mete Josiah Didier 60 1 2 2
2 Topi Niemela Mason Geertsen 40 1 2 2
Penalty Kill - 3 Players Forward
Forward Time % Phy DF OF
1 Dillon Dube 60 1 2 2
2 Samuel Blais 40 1 2 2
Penalty Kill - 3 Players Defense
Defense Defense Time % Phy DF OF
1 Victor Mete Josiah Didier 60 1 2 2
2 Topi Niemela Mason Geertsen 40 1 2 2
4 vs 4 Forward
Center Wing Time % Phy DF OF
1 Dillon Dube Samuel Blais 60 1 2 2
2 Sheldon Dries Steven Lorentz 40 1 2 2
4 vs 4 Defense
Defense Defense Time % Phy DF OF
1 Victor Mete Josiah Didier 60 1 2 2
2 Topi Niemela Will Riedell 40 1 2 2
Last Minutes Offensive
Center Left Wing Right Wing Defense Defense
Dillon Dube Steven Lorentz Samuel Blais Victor Mete Josiah Didier
Last Minutes Defensive
Center Left Wing Right Wing Defense Defense
Dillon Dube Steven Lorentz Samuel Blais Victor Mete Josiah Didier
Goaltenders
Starting : Parker Gahagen
Backup : Matt Murray
Extra Forwards
Normal : Walker Duehr, Turner Elson, Daniel Walcott - PP : Walker Duehr, Turner Elson - PK : Daniel Walcott
Extra Defensemen
Normal : Mason Geertsen, Billy Sweezey, Will Riedell - PP : Mason Geertsen - PK : Billy Sweezey, Will Riedell
Penalty Shots
Dillon Dube, Samuel Blais, Sheldon Dries, Steven Lorentz, Oskar Lindblom
Custom OT Lines Forwards
Dillon Dube, Samuel Blais, Sheldon Dries, Steven Lorentz, Oskar Lindblom, Ryan Lomberg, Walker Duehr, Turner Elson, Daniel Walcott, Corey Andonovski
Custom OT Lines Defensemen
Victor Mete, Josiah Didier, Topi Niemela, Billy Sweezey, Mason Geertsen
Scratches
Marshall Rifai (Healthy), Evan Polei (Healthy), Vincent Arseneau (Healthy), Josh Healey (Healthy), Brett Harrison (Healthy)
Kevin Conley (Healthy), Joey Abate (Healthy), Ryan MacKinnon (Healthy), Samuel Laberge (Healthy), Dylan Wells (Healthy)
% Time on Ice - Stars
Lines # - Real PCT - Wanted PCT - Time Play
Normal Forward
1 - 28% - 25% - 11:21
2 - 27% - 25% - 10:55
3 - 31% - 25% - 12:16
4 - 14% - 25% - 5:34
Normal Defense
1 - 20% - 25% - 8:00
2 - 26% - 25% - 10:25
3 - 35% - 25% - 13:51
4 - 20% - 25% - 7:50
PP Forward
1 - 50% - 60% - 3:56
2 - 50% - 40% - 4:00
PP Defense
1 - 46% - 60% - 3:39
2 - 54% - 40% - 4:17
PK Forward
1 - 79% - 60% - 8:02
2 - 21% - 40% - 2:05
PK Defense
1 - 51% - 60% - 5:11
2 - 49% - 40% - 4:56
PK3 Forward
1 - 49% - 60% - 0:54
2 - 51% - 40% - 0:57
PK3 Defense
1 - 90% - 60% - 1:40
2 - 10% - 40% - 0:11
44 Forward
1 - 0% - 60%
2 - 0% - 40%
44 Defense
1 - 0% - 60%
2 - 0% - 40%
Last Minute Offensive - 0:00
Last Minute Defensive - 0:00
Total
Forward - 60:00
Defense - 60:00
|
% Time on Ice - Reign
Lines # - Real PCT - Wanted PCT - Time Play
Normal Forward
1 - 16% - 25% - 6:30
2 - 29% - 25% - 11:45
3 - 35% - 25% - 14:09
4 - 19% - 25% - 7:42
Normal Defense
1 - 19% - 25% - 7:32
2 - 30% - 25% - 12:06
3 - 31% - 25% - 12:15
4 - 20% - 25% - 8:13
PP Forward
1 - 48% - 60% - 5:43
2 - 52% - 40% - 6:15
PP Defense
1 - 49% - 60% - 5:50
2 - 51% - 40% - 6:08
PK Forward
1 - 69% - 60% - 5:28
2 - 31% - 40% - 2:28
PK Defense
1 - 42% - 60% - 3:18
2 - 58% - 40% - 4:38
PK3 Forward
1 - 0% - 60%
2 - 0% - 40%
PK3 Defense
1 - 0% - 60%
2 - 0% - 40%
44 Forward
1 - 0% - 60%
2 - 0% - 40%
44 Defense
1 - 0% - 60%
2 - 0% - 40%
Last Minute Offensive - 0:00
Last Minute Defensive - 0:00
Total
Forward - 60:00
Defense - 60:00
|
Play-by-Play
1st period
0:01 of 1st period - Dillon Dube wins face-off versus Reese Johnson in neutral zone.
0:04 of 1st period - Shot by Steven Lorentz.
0:04 of 1st period - Stopped by FarmGoal6 without a rebound.
0:05 of 1st period - Sheldon Dries wins face-off versus Carson Golder in Stars zone.
0:28 of 1st period - Shot by Brandon Duhaime.
0:28 of 1st period - Stopped by Parker Gahagen with a rebound.
0:30 of 1st period - Shot by Vinnie Hinostroza.
0:30 of 1st period - Shot Blocked by Topi Niemela.
0:32 of 1st period - Shot by Vinnie Hinostroza.
0:32 of 1st period - Shot Blocked by Sheldon Dries.
0:34 of 1st period - Shot by Brandon Duhaime.
0:34 of 1st period - Shot Blocked by Topi Niemela.
0:53 of 1st period - Off-side.
0:54 of 1st period - Ryder Korczak wins face-off versus Reese Johnson in neutral zone.
1:13 of 1st period - Shot by Brett Murray.
1:13 of 1st period - Shot Blocked by Mason Geertsen.
1:15 of 1st period - Shot by Farm Player 109.
1:15 of 1st period - Stopped by Parker Gahagen without a rebound.
1:16 of 1st period - Luke Philp wins face-off versus Dillon Dube in Reign zone.
1:34 of 1st period - Shot by Daniel Walcott.
1:34 of 1st period - Shot Misses the Net.
1:36 of 1st period - Shot by Dillon Dube.
1:36 of 1st period - Shot Misses the Net.
1:38 of 1st period - Shot by Victor Mete.
1:38 of 1st period - Stopped by FarmGoal6 without a rebound.
1:39 of 1st period - Ryder Korczak wins face-off versus Carson Golder in Stars zone.
2:48 of 1st period - Off-side.
2:49 of 1st period - Luke Philp wins face-off versus Dillon Dube in neutral zone.
3:01 of 1st period - Shot by Luke Philp.
3:01 of 1st period - Shot Misses the Net.
3:03 of 1st period - Shot by Mark Rassell.
3:03 of 1st period - Shot Misses the Net.
3:05 of 1st period - Shot by Mark Rassell.
3:05 of 1st period - Deflect By Bradley Marek.
3:05 of 1st period - Stopped by Parker Gahagen without a rebound.
3:06 of 1st period - Sheldon Dries wins face-off versus Shawn Element in Reign zone.
3:06 of 1st period - Sheldon Dries is hit by Bradley Marek.
3:30 of 1st period - Shot by Brandon Duhaime.
3:30 of 1st period - Stopped by Parker Gahagen without a rebound.
3:30 of 1st period - Minor Penalty to Topi Niemela for Roughing.
3:31 of 1st period - Dillon Dube wins face-off versus Reese Johnson in Reign zone.
3:31 of 1st period - Dillon Dube is hit by Brandon Duhaime.
3:40 of 1st period - Icing by Brandon Duhaime.
3:41 of 1st period - Dillon Dube wins face-off versus Reese Johnson in Stars zone.
3:41 of 1st period - Samuel Blais is hit by Chad Nychuk and loses puck.
3:56 of 1st period - Shot by Cody Haiskanen.
3:56 of 1st period - Stopped by Parker Gahagen without a rebound.
3:57 of 1st period - Carson Golder wins face-off versus Dillon Dube in Reign zone.
4:00 of 1st period - Shot by Shawn Element.
4:00 of 1st period - Stopped by Parker Gahagen without a rebound.
4:01 of 1st period - Carson Golder wins face-off versus Dillon Dube in Reign zone.
5:53 of 1st period - Shot by Grant Cruikshank.
5:53 of 1st period - Stopped by Parker Gahagen without a rebound.
5:54 of 1st period - Reese Johnson wins face-off versus Sheldon Dries in Reign zone.
5:56 of 1st period - Brett Murray is hit by Josiah Didier.
6:18 of 1st period - Shot by Ryan Lomberg.
6:18 of 1st period - Shot Blocked by Frederic Brunet.
7:11 of 1st period - Justin Schultz is hit by Mark Rassell and loses puck.
7:15 of 1st period - Icing by Justin Schultz.
7:16 of 1st period - Ryder Korczak wins face-off versus Carson Golder in Reign zone.
7:43 of 1st period - Icing by Justin Schultz.
7:44 of 1st period - Ryder Korczak wins face-off versus Luke Philp in Reign zone.
8:01 of 1st period - Shot by Bradley Marek.
8:01 of 1st period - Stopped by Parker Gahagen with a rebound.
8:03 of 1st period - Shot by Cody Haiskanen.
8:03 of 1st period - Stopped by Parker Gahagen with a rebound.
8:05 of 1st period - Shot by Bradley Marek.
8:05 of 1st period - Goal by Bradley Marek - Stars : 1 - Reign : 0.
8:06 of 1st period - Sheldon Dries wins face-off versus Carson Golder in neutral zone.
8:17 of 1st period - Shot by Oskar Lindblom.
8:17 of 1st period - Shot Misses the Net.
8:19 of 1st period - Shot by Will Riedell.
8:19 of 1st period - Stopped by FarmGoal6 without a rebound.
8:20 of 1st period - Luke Philp wins face-off versus Dillon Dube in Stars zone.
9:33 of 1st period - Shot by Oskar Lindblom.
9:33 of 1st period - Shot Misses the Net.
9:35 of 1st period - Shot by Oskar Lindblom.
9:35 of 1st period - Shot Misses the Net.
10:43 of 1st period - Shot by Steven Lorentz.
10:43 of 1st period - Shot Misses the Net.
10:49 of 1st period - Shot by Steven Lorentz.
10:49 of 1st period - Stopped by FarmGoal6 without a rebound.
10:50 of 1st period - Sheldon Dries wins face-off versus Carson Golder in Stars zone.
10:57 of 1st period - Shot by Sheldon Dries.
10:57 of 1st period - Shot Misses the Net.
10:59 of 1st period - Shot by Oskar Lindblom.
10:59 of 1st period - Stopped by FarmGoal6 with a rebound.
11:11 of 1st period - Shot by Sheldon Dries.
11:11 of 1st period - Goal by Sheldon Dries - Stars : 1 - Reign : 1.
11:12 of 1st period - Reese Johnson wins face-off versus Dillon Dube in neutral zone.
12:14 of 1st period - Shot by Brandon Duhaime.
12:14 of 1st period - Stopped by Parker Gahagen with a rebound.
12:22 of 1st period - Shot by Vinnie Hinostroza.
12:22 of 1st period - Shot Misses the Net.
13:51 of 1st period - Shot by Daniel Walcott.
13:51 of 1st period - Stopped by FarmGoal6 with a rebound.
14:58 of 1st period - Minor Penalty to Mason Geertsen for Interference.
14:59 of 1st period - Dillon Dube wins face-off versus Carson Golder in Reign zone.
15:22 of 1st period - Shot by Luke Philp.
15:22 of 1st period - Stopped by Parker Gahagen without a rebound.
15:23 of 1st period - Mark Rassell wins face-off versus Sheldon Dries in Reign zone.
15:23 of 1st period - Mark Rassell is hit by Josiah Didier.
16:14 of 1st period - Brandon Duhaime is hit by Billy Sweezey and loses puck.
17:11 of 1st period - Shot by Reese Johnson.
17:11 of 1st period - Stopped by Parker Gahagen with a rebound.
17:19 of 1st period - Shot by Turner Elson.
17:19 of 1st period - Stopped by FarmGoal6 with a rebound.
17:21 of 1st period - Shot by Mason Geertsen.
17:21 of 1st period - Shot Misses the Net.
17:23 of 1st period - Shot by Ryder Korczak.
17:23 of 1st period - Goal by Ryder Korczak - Stars : 1 - Reign : 2.
17:24 of 1st period - Farm Player 11 wins face-off versus Sheldon Dries in neutral zone.
17:27 of 1st period - Ryan Lomberg is hit by Bradley Marek and loses puck.
18:24 of 1st period - Shot by Brandon Duhaime.
18:24 of 1st period - Stopped by Parker Gahagen without a rebound.
18:25 of 1st period - Luke Philp wins face-off versus Walker Duehr in Reign zone.
18:25 of 1st period - Mark Rassell is hit by Mason Geertsen and loses puck.
19:11 of 1st period - Shot by Samuel Blais.
19:11 of 1st period - Goal by Samuel Blais - Stars : 1 - Reign : 3.
19:12 of 1st period - Carson Golder wins face-off versus Sheldon Dries in neutral zone.
19:24 of 1st period - Ryan Lomberg is hit by Colin Theisen.
19:28 of 1st period - Shot by Oskar Lindblom.
19:28 of 1st period - Stopped by FarmGoal6 with a rebound.
19:30 of 1st period - Shot by Ryan Lomberg.
19:30 of 1st period - Stopped by FarmGoal6 with a rebound.
19:32 of 1st period - Shot by Ryan Lomberg.
19:32 of 1st period - Deflect By Sheldon Dries.
19:32 of 1st period - Goal by Sheldon Dries - Stars : 1 - Reign : 4.
19:32 of 1st period - Nikita Tolopilo enters game.
19:33 of 1st period - Reese Johnson wins face-off versus Dillon Dube in neutral zone.
19:58 of 1st period - Shot by Samuel Blais.
19:58 of 1st period - Shot Blocked by Vinnie Hinostroza.
Goals for this period are 1 for Stars vs 4 for Reign.
Shots for this period are 14 for Stars vs 13 for Reign.
2nd period
0:01 of 2nd period - Dillon Dube wins face-off versus Shawn Element in neutral zone.
0:06 of 2nd period - Frederic Brunet is hit by Corey Andonovski and loses puck.
0:19 of 2nd period - Shot by Brandon Duhaime.
0:19 of 2nd period - Shot Misses the Net.
0:21 of 2nd period - Shot by Frederic Brunet.
0:21 of 2nd period - Shot Misses the Net.
0:23 of 2nd period - Shot by Shawn Element.
0:23 of 2nd period - Stopped by Parker Gahagen without a rebound.
0:24 of 2nd period - Reese Johnson wins face-off versus Sheldon Dries in Reign zone.
0:24 of 2nd period - Reese Johnson is hit by Topi Niemela.
0:25 of 2nd period - Minor Penalty to Topi Niemela for Interference.
0:26 of 2nd period - Dillon Dube wins face-off versus Reese Johnson in Reign zone.
1:08 of 2nd period - Shot by Steven Lorentz.
1:08 of 2nd period - Stopped by Nikita Tolopilo without a rebound.
1:09 of 2nd period - Dillon Dube wins face-off versus Carson Golder in Stars zone.
1:12 of 2nd period - Shot by Samuel Blais.
1:12 of 2nd period - Shot Misses the Net.
1:19 of 2nd period - Off-side.
1:20 of 2nd period - Carson Golder wins face-off versus Dillon Dube in neutral zone.
1:33 of 2nd period - Shot by Tobie Bisson.
1:33 of 2nd period - Shot Misses the Net.
2:02 of 2nd period - Icing by Cody Haiskanen.
2:03 of 2nd period - Sheldon Dries wins face-off versus Reese Johnson in Stars zone.
2:47 of 2nd period - Off-side.
2:48 of 2nd period - Carson Golder wins face-off versus Sheldon Dries in neutral zone.
3:01 of 2nd period - Shot by Oskar Lindblom.
3:01 of 2nd period - Deflect By Sheldon Dries.
3:01 of 2nd period - Stopped by Nikita Tolopilo with a rebound.
3:03 of 2nd period - Shot by Sheldon Dries.
3:03 of 2nd period - Shot Misses the Net.
3:05 of 2nd period - Shot by Oskar Lindblom.
3:05 of 2nd period - Stopped by Nikita Tolopilo without a rebound.
3:06 of 2nd period - Reese Johnson wins face-off versus Dillon Dube in Stars zone.
3:10 of 2nd period - Icing by Brett Murray.
3:11 of 2nd period - Steven Lorentz wins face-off versus Reese Johnson in Stars zone.
3:11 of 2nd period - Dillon Dube is hit by Chad Nychuk and loses puck.
3:14 of 2nd period - Shot by Dillon Dube.
3:14 of 2nd period - Stopped by Nikita Tolopilo without a rebound.
3:15 of 2nd period - Luke Philp wins face-off versus Dillon Dube in Stars zone.
3:50 of 2nd period - Icing by Dillon Dube.
3:51 of 2nd period - Dillon Dube wins face-off versus Reese Johnson in Reign zone.
3:51 of 2nd period - Dillon Dube is hit by Reese Johnson.
3:56 of 2nd period - Steven Lorentz is hit by Reese Johnson and loses puck.
4:18 of 2nd period - Steven Lorentz is hit by Chad Nychuk and loses puck.
4:24 of 2nd period - Minor Penalty to Sheldon Dries for Hooking.
4:25 of 2nd period - Carson Golder wins face-off versus Daniel Walcott in Reign zone.
4:28 of 2nd period - Shot by Shawn Element.
4:28 of 2nd period - Stopped by Parker Gahagen without a rebound.
4:29 of 2nd period - Carson Golder wins face-off versus Daniel Walcott in Reign zone.
4:30 of 2nd period - Shot by Shawn Element.
4:30 of 2nd period - Deflect By Bradley Marek.
4:30 of 2nd period - Shot Misses the Net.
4:32 of 2nd period - Shot by Tobie Bisson.
4:32 of 2nd period - Stopped by Parker Gahagen with a rebound.
4:34 of 2nd period - Shot by Frederic Brunet.
4:34 of 2nd period - Shot Misses the Net.
5:24 of 2nd period - Brandon Duhaime is hit by Mason Geertsen.
6:35 of 2nd period - Shot by Luke Philp.
6:35 of 2nd period - Deflect By Bradley Marek.
6:35 of 2nd period - Shot Blocked by Billy Sweezey.
7:25 of 2nd period - Shot by Vinnie Hinostroza.
7:25 of 2nd period - Shot Blocked by Will Riedell.
7:32 of 2nd period - Reese Johnson is hit by Will Riedell and loses puck.
7:35 of 2nd period - Shot by Chad Nychuk.
7:35 of 2nd period - Shot Blocked by Will Riedell.
7:37 of 2nd period - Shot by Brett Murray.
7:37 of 2nd period - Stopped by Parker Gahagen with a rebound.
7:39 of 2nd period - Shot by Vinnie Hinostroza.
7:39 of 2nd period - Shot Misses the Net.
7:41 of 2nd period - Shot by Reese Johnson.
7:41 of 2nd period - Shot Misses the Net.
7:43 of 2nd period - Shot by Chad Nychuk.
7:43 of 2nd period - Stopped by Parker Gahagen without a rebound.
7:44 of 2nd period - Dillon Dube wins face-off versus Carson Golder in Reign zone.
8:29 of 2nd period - Reese Johnson is hit by Corey Andonovski and loses puck.
8:44 of 2nd period - Shot by Turner Elson.
8:44 of 2nd period - Stopped by Nikita Tolopilo without a rebound.
8:45 of 2nd period - Luke Philp wins face-off versus Ryder Korczak in Stars zone.
8:45 of 2nd period - Luke Philp is hit by Ryder Korczak.
9:01 of 2nd period - Shot by Mark Rassell.
9:01 of 2nd period - Stopped by Parker Gahagen with a rebound.
9:03 of 2nd period - Shot by Mark Rassell.
9:03 of 2nd period - Goal by Mark Rassell - Stars : 2 - Reign : 4.
9:04 of 2nd period - Grant Cruikshank wins face-off versus Oskar Lindblom in neutral zone.
9:07 of 2nd period - Shot by Brandon Duhaime.
9:07 of 2nd period - Shot Misses the Net.
9:09 of 2nd period - Shot by Grant Cruikshank.
9:09 of 2nd period - Shot Misses the Net.
9:23 of 2nd period - Shot by Vinnie Hinostroza.
9:23 of 2nd period - Shot Blocked by Victor Mete.
10:37 of 2nd period - Icing by Chad Nychuk.
10:38 of 2nd period - Dillon Dube wins face-off versus Reese Johnson in Stars zone.
11:28 of 2nd period - Shot by Ryan Lomberg.
11:28 of 2nd period - Shot Misses the Net.
11:30 of 2nd period - Shot by Josiah Didier.
11:30 of 2nd period - Goal by Josiah Didier - Stars : 2 - Reign : 5.
11:31 of 2nd period - Carson Golder wins face-off versus Ryder Korczak in neutral zone.
11:43 of 2nd period - Shot by Walker Duehr.
11:43 of 2nd period - Shot Blocked by Brandon Duhaime.
11:49 of 2nd period - Shot by Carson Golder.
11:49 of 2nd period - Shot Misses the Net.
11:57 of 2nd period - Shot by Shawn Element.
11:57 of 2nd period - Shot Blocked by Billy Sweezey.
11:59 of 2nd period - Shot by Shawn Element.
11:59 of 2nd period - Shot Blocked by Turner Elson.
12:20 of 2nd period - Icing by Tobie Bisson.
12:21 of 2nd period - Sheldon Dries wins face-off versus Luke Philp in Stars zone.
12:50 of 2nd period - Frederic Brunet is hit by Ryan Lomberg and loses puck.
13:08 of 2nd period - Icing by Josiah Didier.
13:09 of 2nd period - Carson Golder wins face-off versus Sheldon Dries in Reign zone.
13:16 of 2nd period - Carson Golder is hit by Oskar Lindblom and loses puck.
13:53 of 2nd period - Samuel Blais is hit by Shawn Element.
14:22 of 2nd period - Ryder Korczak is hit by Shawn Element and loses puck.
14:33 of 2nd period - Shot by Ryder Korczak.
14:33 of 2nd period - Shot Misses the Net.
15:39 of 2nd period - Shot by Oskar Lindblom.
15:39 of 2nd period - Shot Misses the Net.
15:41 of 2nd period - Shot by Sheldon Dries.
15:41 of 2nd period - Shot Blocked by Tobie Bisson.
15:43 of 2nd period - Shot by Sheldon Dries.
15:43 of 2nd period - Stopped by Nikita Tolopilo without a rebound.
15:44 of 2nd period - Luke Philp wins face-off versus Ryder Korczak in Stars zone.
15:56 of 2nd period - Shot by Ryder Korczak.
15:56 of 2nd period - Stopped by Nikita Tolopilo with a rebound.
16:11 of 2nd period - Off-side.
16:12 of 2nd period - Dillon Dube wins face-off versus Luke Philp in neutral zone.
17:18 of 2nd period - Shot by Cody Haiskanen.
17:18 of 2nd period - Stopped by Parker Gahagen with a rebound.
17:31 of 2nd period - Icing by Chad Nychuk.
17:32 of 2nd period - Sheldon Dries wins face-off versus Reese Johnson in Stars zone.
17:33 of 2nd period - Shot by Ryan Lomberg.
17:33 of 2nd period - Stopped by Nikita Tolopilo without a rebound.
17:34 of 2nd period - Grant Cruikshank wins face-off versus Sheldon Dries in Stars zone.
17:53 of 2nd period - Shot by Grant Cruikshank.
17:53 of 2nd period - Stopped by Parker Gahagen without a rebound.
17:54 of 2nd period - Walker Duehr wins face-off versus Carson Golder in Reign zone.
17:54 of 2nd period - Walker Duehr is hit by Carson Golder.
19:28 of 2nd period - Shot by Daniel Walcott.
19:28 of 2nd period - Shot Misses the Net.
19:34 of 2nd period - Mark Rassell is hit by Corey Andonovski.
19:38 of 2nd period - Frederic Brunet is hit by Corey Andonovski and loses puck.
Goals for this period are 1 for Stars vs 1 for Reign.
Shots for this period are 9 for Stars vs 9 for Reign.
3rd period
0:01 of 3rd period - Dillon Dube wins face-off versus Shawn Element in neutral zone.
0:15 of 3rd period - Shot by Brandon Duhaime.
0:15 of 3rd period - Stopped by Parker Gahagen with a rebound.
0:19 of 3rd period - Shot by Brandon Duhaime.
0:19 of 3rd period - Shot Misses the Net.
0:21 of 3rd period - Shot by Brandon Duhaime.
0:21 of 3rd period - Shot Misses the Net.
0:23 of 3rd period - Shot by Brandon Duhaime.
0:23 of 3rd period - Stopped by Parker Gahagen with a rebound.
0:25 of 3rd period - Shot by Shawn Element.
0:25 of 3rd period - Deflect By Brandon Duhaime.
0:25 of 3rd period - Stopped by Parker Gahagen with a rebound.
0:27 of 3rd period - Shot by Brandon Duhaime.
0:27 of 3rd period - Shot Misses the Net.
1:05 of 3rd period - Shot by Brett Murray.
1:05 of 3rd period - Shot Misses the Net.
1:07 of 3rd period - Shot by Chad Nychuk.
1:07 of 3rd period - Shot Blocked by Billy Sweezey.
1:09 of 3rd period - Shot by Brett Murray.
1:09 of 3rd period - Stopped by Parker Gahagen with a rebound.
1:24 of 3rd period - Icing by Mason Geertsen.
1:25 of 3rd period - Sheldon Dries wins face-off versus Carson Golder in Reign zone.
1:40 of 3rd period - Shot by Brandon Duhaime.
1:40 of 3rd period - Deflect By Vinnie Hinostroza.
1:40 of 3rd period - Stopped by Parker Gahagen without a rebound.
1:41 of 3rd period - Luke Philp wins face-off versus Ryder Korczak in Reign zone.
1:59 of 3rd period - Shot by Ryder Korczak.
1:59 of 3rd period - Stopped by Nikita Tolopilo without a rebound.
2:00 of 3rd period - Dillon Dube wins face-off versus Reese Johnson in Stars zone.
2:18 of 3rd period - Shot by Samuel Blais.
2:18 of 3rd period - Stopped by Nikita Tolopilo without a rebound.
2:19 of 3rd period - Carson Golder wins face-off versus Ryder Korczak in Stars zone.
2:31 of 3rd period - Shot by Topi Niemela.
2:31 of 3rd period - Stopped by Nikita Tolopilo without a rebound.
2:32 of 3rd period - Dillon Dube wins face-off versus Luke Philp in Stars zone.
2:37 of 3rd period - Shot by Corey Andonovski.
2:37 of 3rd period - Shot Blocked by Tobie Bisson.
2:39 of 3rd period - Shot by Corey Andonovski.
2:39 of 3rd period - Shot Misses the Net.
2:57 of 3rd period - Shot by Corey Andonovski.
2:57 of 3rd period - Shot Misses the Net.
2:59 of 3rd period - Shot by Dillon Dube.
2:59 of 3rd period - Stopped by Nikita Tolopilo with a rebound.
3:01 of 3rd period - Shot by Dillon Dube.
3:01 of 3rd period - Shot Misses the Net.
3:05 of 3rd period - Shot by Daniel Walcott.
3:05 of 3rd period - Stopped by Nikita Tolopilo without a rebound.
3:06 of 3rd period - Carson Golder wins face-off versus Sheldon Dries in Stars zone.
3:08 of 3rd period - Icing by Vinnie Hinostroza.
3:09 of 3rd period - Sheldon Dries wins face-off versus Carson Golder in Stars zone.
3:22 of 3rd period - Oskar Lindblom is hit by Brandon Duhaime and loses puck.
3:51 of 3rd period - Shot by Brett Murray.
3:51 of 3rd period - Shot Misses the Net.
3:53 of 3rd period - Shot by Reese Johnson.
3:53 of 3rd period - Shot Blocked by Topi Niemela.
3:55 of 3rd period - Shot by Reese Johnson.
3:55 of 3rd period - Stopped by Parker Gahagen with a rebound.
4:03 of 3rd period - Shot by Reese Johnson.
4:03 of 3rd period - Shot Misses the Net.
4:05 of 3rd period - Shot by Reese Johnson.
4:05 of 3rd period - Stopped by Parker Gahagen with a rebound.
4:07 of 3rd period - Shot by Brett Murray.
4:07 of 3rd period - Shot Misses the Net.
4:09 of 3rd period - Shot by Shawn Element.
4:09 of 3rd period - Stopped by Parker Gahagen without a rebound.
4:10 of 3rd period - Luke Philp wins face-off versus Samuel Blais in Reign zone.
4:29 of 3rd period - Shot by Bradley Marek.
4:29 of 3rd period - Stopped by Parker Gahagen without a rebound.
4:30 of 3rd period - Ryder Korczak wins face-off versus Reese Johnson in Reign zone.
4:30 of 3rd period - Ryder Korczak is hit by Reese Johnson.
4:35 of 3rd period - Minor Penalty to Brett Murray for Cross-checking.
4:36 of 3rd period - Bradley Marek wins face-off versus Dillon Dube in Stars zone.
4:36 of 3rd period - Bradley Marek is hit by Steven Lorentz.
4:42 of 3rd period - Steven Lorentz is hit by Reese Johnson and loses puck.
4:46 of 3rd period - Icing by Josiah Didier.
4:47 of 3rd period - Dillon Dube wins face-off versus Bradley Marek in Reign zone.
4:58 of 3rd period - Shot by Steven Lorentz.
4:58 of 3rd period - Shot Blocked by Cody Haiskanen.
5:00 of 3rd period - Shot by Victor Mete.
5:00 of 3rd period - Stopped by Nikita Tolopilo without a rebound.
5:01 of 3rd period - Sheldon Dries wins face-off versus Bradley Marek in Stars zone.
5:29 of 3rd period - Shot by Sheldon Dries.
5:29 of 3rd period - Shot Misses the Net.
6:06 of 3rd period - Icing by Steven Lorentz.
6:07 of 3rd period - Steven Lorentz wins face-off versus Farm Player 11 in Reign zone.
6:28 of 3rd period - Shot by Dillon Dube.
6:28 of 3rd period - Shot Blocked by Cody Haiskanen.
6:30 of 3rd period - Shot by Steven Lorentz.
6:30 of 3rd period - Goal by Steven Lorentz - Stars : 2 - Reign : 6.
6:31 of 3rd period - Carson Golder wins face-off versus Ryder Korczak in neutral zone.
6:36 of 3rd period - Shot by Vinnie Hinostroza.
6:36 of 3rd period - Shot Misses the Net.
7:30 of 3rd period - Shot by Bradley Marek.
7:30 of 3rd period - Stopped by Parker Gahagen without a rebound.
7:31 of 3rd period - Dillon Dube wins face-off versus Reese Johnson in Reign zone.
7:31 of 3rd period - Dillon Dube is hit by Reese Johnson.
7:36 of 3rd period - Minor Penalty to Reese Johnson for Roughing.
7:37 of 3rd period - Dillon Dube wins face-off versus Bradley Marek in Stars zone.
8:33 of 3rd period - Shot by Topi Niemela.
8:33 of 3rd period - Shot Misses the Net.
8:35 of 3rd period - Shot by Topi Niemela.
8:35 of 3rd period - Shot Misses the Net.
8:43 of 3rd period - Shot by Ryan Lomberg.
8:43 of 3rd period - Stopped by Nikita Tolopilo with a rebound.
8:45 of 3rd period - Shot by Topi Niemela.
8:45 of 3rd period - Stopped by Nikita Tolopilo without a rebound.
8:46 of 3rd period - Dillon Dube wins face-off versus Farm Player 109 in Stars zone.
9:03 of 3rd period - Shot by Steven Lorentz.
9:03 of 3rd period - Stopped by Nikita Tolopilo without a rebound.
9:04 of 3rd period - Farm Player 109 wins face-off versus Sheldon Dries in Stars zone.
9:04 of 3rd period - Farm Player 109 is hit by Sheldon Dries.
9:14 of 3rd period - Shot by Sheldon Dries.
9:14 of 3rd period - Stopped by Nikita Tolopilo with a rebound.
9:46 of 3rd period - Shot by Victor Mete.
9:46 of 3rd period - Stopped by Nikita Tolopilo without a rebound.
9:47 of 3rd period - Luke Philp wins face-off versus Dillon Dube in Stars zone.
9:52 of 3rd period - Shot by Bradley Marek.
9:52 of 3rd period - Shot Misses the Net.
10:01 of 3rd period - Minor Penalty to Shawn Element for Roughing.
10:02 of 3rd period - Dillon Dube wins face-off versus Bradley Marek in Stars zone.
10:18 of 3rd period - Shot by Samuel Blais.
10:18 of 3rd period - Shot Misses the Net.
10:20 of 3rd period - Shot by Dillon Dube.
10:20 of 3rd period - Shot Blocked by Frederic Brunet.
10:22 of 3rd period - Shot by Samuel Blais.
10:22 of 3rd period - Shot Misses the Net.
10:24 of 3rd period - Shot by Billy Sweezey.
10:24 of 3rd period - Shot Misses the Net.
10:26 of 3rd period - Shot by Dillon Dube.
10:26 of 3rd period - Shot Blocked by Bradley Marek.
10:28 of 3rd period - Shot by Samuel Blais.
10:28 of 3rd period - Shot Misses the Net.
10:30 of 3rd period - Shot by Topi Niemela.
10:30 of 3rd period - Stopped by Nikita Tolopilo without a rebound.
10:31 of 3rd period - Sheldon Dries wins face-off versus Farm Player 109 in Stars zone.
10:46 of 3rd period - Shot by Oskar Lindblom.
10:46 of 3rd period - Shot Blocked by Chad Nychuk.
11:02 of 3rd period - Shot by Ryan Lomberg.
11:02 of 3rd period - Shot Misses the Net.
11:13 of 3rd period - Off-side.
11:14 of 3rd period - Dillon Dube wins face-off versus Bradley Marek in neutral zone.
12:04 of 3rd period - Off-side.
12:05 of 3rd period - Ryder Korczak wins face-off versus Carson Golder in neutral zone.
12:13 of 3rd period - Minor Penalty to Farm Player 109 for Tripping.
12:14 of 3rd period - Bradley Marek wins face-off versus Sheldon Dries in Stars zone.
12:23 of 3rd period - Shot by Ryan Lomberg.
12:23 of 3rd period - Stopped by Nikita Tolopilo without a rebound.
12:24 of 3rd period - Oskar Lindblom wins face-off versus Bradley Marek in Stars zone.
12:29 of 3rd period - Shot by Ryan Lomberg.
12:29 of 3rd period - Deflect By Sheldon Dries.
12:29 of 3rd period - Stopped by Nikita Tolopilo without a rebound.
12:30 of 3rd period - Dillon Dube wins face-off versus Bradley Marek in Stars zone.
12:53 of 3rd period - Shot by Steven Lorentz.
12:53 of 3rd period - Shot Misses the Net.
12:56 of 3rd period - Samuel Blais is hit by Frederic Brunet.
13:20 of 3rd period - Off-side.
13:21 of 3rd period - Sheldon Dries wins face-off versus Farm Player 11 in neutral zone.
13:24 of 3rd period - Shot by Ryan Lomberg.
13:24 of 3rd period - Stopped by Nikita Tolopilo without a rebound.
13:25 of 3rd period - Sheldon Dries wins face-off versus Farm Player 11 in Stars zone.
13:32 of 3rd period - Shot by Sheldon Dries.
13:32 of 3rd period - Shot Misses the Net.
13:37 of 3rd period - Ryan Lomberg is hit by Chad Nychuk and loses puck.
13:40 of 3rd period - Shot by Sheldon Dries.
13:40 of 3rd period - Stopped by Nikita Tolopilo with a rebound.
13:50 of 3rd period - Shot by Ryan Lomberg.
13:50 of 3rd period - Deflect By Sheldon Dries.
13:50 of 3rd period - Shot Misses the Net.
13:52 of 3rd period - Shot by Josiah Didier.
13:52 of 3rd period - Shot Misses the Net.
13:54 of 3rd period - Shot by Josiah Didier.
13:54 of 3rd period - Stopped by Nikita Tolopilo without a rebound.
13:55 of 3rd period - Steven Lorentz wins face-off versus Bradley Marek in Stars zone.
14:02 of 3rd period - Shot by Topi Niemela.
14:02 of 3rd period - Stopped by Nikita Tolopilo with a rebound.
14:04 of 3rd period - Shot by Samuel Blais.
14:04 of 3rd period - Shot Misses the Net.
14:07 of 3rd period - Minor Penalty to Tobie Bisson for Holding.
14:08 of 3rd period - Dillon Dube wins face-off versus Farm Player 11 in Stars zone.
14:20 of 3rd period - Minor Penalty to Cody Haiskanen for Tripping.
14:21 of 3rd period - Sheldon Dries wins face-off versus Bradley Marek in Stars zone.
14:50 of 3rd period - Shot by Ryan Lomberg.
14:50 of 3rd period - Shot Misses the Net.
16:28 of 3rd period - Ryder Korczak is hit by Shawn Element and loses puck.
16:57 of 3rd period - Icing by Shawn Element.
16:58 of 3rd period - Carson Golder wins face-off versus Dillon Dube in Stars zone.
17:05 of 3rd period - Justin Schultz is hit by Brandon Duhaime and loses puck.
17:11 of 3rd period - Topi Niemela is hit by Shawn Element and loses puck.
17:18 of 3rd period - Shot by Dillon Dube.
17:18 of 3rd period - Stopped by Nikita Tolopilo without a rebound.
17:19 of 3rd period - Turner Elson wins face-off versus Reese Johnson in Stars zone.
17:27 of 3rd period - Minor Penalty to Reese Johnson for Elbowing.
17:28 of 3rd period - Sheldon Dries wins face-off versus Bradley Marek in Stars zone.
17:36 of 3rd period - Icing by Topi Niemela.
17:37 of 3rd period - Bradley Marek wins face-off versus Sheldon Dries in Reign zone.
18:04 of 3rd period - Shot by Vinnie Hinostroza.
18:04 of 3rd period - Stopped by Parker Gahagen with a rebound.
18:06 of 3rd period - Shot by Tobie Bisson.
18:06 of 3rd period - Stopped by Parker Gahagen with a rebound.
18:13 of 3rd period - Icing by Topi Niemela.
18:14 of 3rd period - Sheldon Dries wins face-off versus Farm Player 109 in Reign zone.
18:34 of 3rd period - Chad Nychuk is hit by Steven Lorentz and loses puck.
18:45 of 3rd period - Shot by Samuel Blais.
18:45 of 3rd period - Shot Misses the Net.
18:55 of 3rd period - Shot by Samuel Blais.
18:55 of 3rd period - Shot Misses the Net.
19:42 of 3rd period - Shot by Ryder Korczak.
19:42 of 3rd period - Stopped by Nikita Tolopilo without a rebound.
19:43 of 3rd period - Corey Andonovski wins face-off versus Brett Murray in Stars zone.
19:43 of 3rd period - Justin Schultz is hit by Shawn Element and loses puck.
19:50 of 3rd period - Shot by Dillon Dube.
19:50 of 3rd period - Shot Misses the Net.
Goals for this period are 0 for Stars vs 1 for Reign.
Shots for this period are 12 for Stars vs 21 for Reign.
Back to the Top